 Dungeon Crawl Stone Soup version 0.31-a0-726-g3c93526463 (webtiles) character file.

Game seed: 434952460308119531

11 Descartes the Grasshopper (level 2, -1/23 HPs)
             Began as a Formicid Warper on Sept 11, 2023.
             Slain by a quokka (4 damage)
             ... on level 1 of the Dungeon.
             The game lasted 00:00:44 (188 turns).

Descartes the Grasshopper (Formicid Warper)          Turns: 188, Time: 00:00:44

Health: -1/23      AC:  3    Str: 15    XL:     2   Next: 40%
Magic:  5/5        EV: 11    Int: 12    God:
Gold:   0          SH:  0    Dex: 13    Spells: 5/5 levels left

rFire   . . .        a - +0 hand axe
rCold   . . .        (no shield)
rNeg    . . .        b - +0 leather armour
rPois   .            (helmet unavailable)
rElec   .            (no cloak)
rCorr   .            (no gloves)
SInv    +            (no boots)
Will    .....        (no amulet)
Stlth   +            (no ring)
HPRegen 0.23/turn    (no ring)
MPRegen 0.09/turn

%: no passive effects
@: no status effects
A: permanent stasis, dig shafts and tunnels, antennae 3, four strong arms
a: Dig, Shaft Self


You were on level 1 of the Dungeon.
You visited 1 branch of the dungeon, and saw 1 of its levels.

Inventory:

Hand Weapons
 a - a +0 hand axe (weapon)
Missiles
 c - 7 darts of dispersal (quivered)
Armour
 b - a +0 leather armour (worn)
Scrolls
 d - a scroll of fear {unknown}


   Skills:
 + Level 2.3 Fighting
 + Level 2.1 Axes
 - Level 1.0 Throwing
 + Level 1.3 Armour
 - Level 1.7 Dodging
 + Level 1.1 Shields
 + Level 2.3 Spellcasting
 + Level 2.8 Translocations


You had 5 spell levels left.
You didn't know any spells.
Your spell library contained the following spells:

 Spells                   Type           Power      Damage    Failure   Level
 Apportation              Tloc           16%        N/A       11%         1
 Lesser Beckoning         Tloc           16%        N/A       16%         2
 Teleport Other           Tloc           8%         N/A       30%         3
 Jinxbite                 Hex            2%         N/A       45%         2
 Manifold Assault         Tloc           8%         N/A       71%         4
 Alistair's Intoxication  Tmut/Pois      0%         N/A       100%        5
 Blink                    Tloc           Unusable   N/A       N/A         2
 Vhi's Electric Charge    Tloc/Air       Unusable   N/A       N/A         4

Dungeon Overview and Level Annotations

Branches:
Dungeon (1/15)

Altars:


Innate Abilities, Weirdness & Mutations

You cannot be hasted, slowed, berserked, paralysed or teleported.
You can dig through walls and to a lower floor.
You have a pair of large antennae on your head. (SInv)
Your four strong arms can wield two-handed weapons with a shield.


Message History

You closely miss the hobgoblin.
The hobgoblin is severely wounded.
You hit the rat.
You kill the rat!
The hobgoblin hits you.
You barely miss the hobgoblin.
The hobgoblin is severely wounded.
You hit the quokka.
The quokka bites you but does no damage.
The hobgoblin barely misses you. The quokka barely misses you.
You hit the hobgoblin.
You kill the hobgoblin!
You miss the quokka. The quokka misses you. The frilled lizard bites you.
Your Shields skill increases to level 1!
You closely miss the quokka.
The quokka is moderately wounded.
You miss the frilled lizard. The quokka bites you.
The frilled lizard closely misses you. The quokka barely misses you.
You completely miss the quokka.
The quokka is moderately wounded.
You barely miss the frilled lizard. The frilled lizard bites you.
The quokka bites you.
You hit the quokka.
The quokka is heavily wounded.
You miss the frilled lizard. The quokka barely misses you.
The frilled lizard bites you.
You hit the quokka.
The quokka is heavily wounded.
You hit the frilled lizard.
You kill the frilled lizard!
The quokka bites you. The dart slug launches a dart at you.
The slug dart hits you.
* * * LOW HITPOINT WARNING * * *
The quokka bites you.
* * * LOW HITPOINT WARNING * * *
You see here a scroll labelled MIGOJY PESI.
The quokka attacks as it pursues you! The quokka closely misses you.
The quokka bites you.
You die...

##..)## ##..## #.# .#..# #.#
†...# #.# †##.# #.#
############# ###.#
#.###.J.......... # #.#
#.##...w.†.......
#.#########.##.r####.......
.......).....@.# ,.......
#############....## .......
....# #.......##.{.......
###.## #.)........ .......
##.#.######..................
#.###............####.###.###
##.#.########........ . ##.##
######### ###


You could see a dart slug, an endoplasm and a quokka.

Vanquished Creatures
  2 endoplasms (D:1)
  A goblin (D:1)
  2 hobgoblins (D:1)
  A kobold (D:1)
  A quokka (D:1)
  2 frilled lizards (D:1)
  A rat (D:1)
10 creatures vanquished.

Notes
Turn   | Place    | Note
-------+----------+-------------------------------------------
     0 | D:1      | Descartes the Formicid Warper began the quest for the Orb.
     0 | D:1      | Reached XP level 1. HP: 16/16 MP: 3/3
   109 | D:1      | Reached XP level 2. HP: 22/22 MP: 5/5
   181 | D:1      | Reached skill level 1 in Shields
   188 | D:1      | Slain by a quokka

Illustrated notes

Levels and vault maps discovered:
D:1:      dpeg_arrival_line_fractal, layout_loops_ring

Skill      XL: |  1  2 |
---------------+-------+-----
Shields        | 1 |  1.1
Fighting       | |  2.3
Axes           | |  2.1
Throwing       | |  1.0
Armour         | |  1.3
Dodging        | |  1.7
Spellcasting   | |  2.3
Translocations | |  2.8

Action                     || total
---------------------------++-------
  Melee: Hand axe          ||    30
   Stab: Sleeping          ||     1
 Armour: Leather armour    ||    26
  Dodge: Dodged            ||    24

Table legend: (Time is in decaauts)
 A = Elapsed time spent in this place.
 B = Non-inter-level travel time spent in this place.
 C = Inter-level travel time spent in this place.
 D = Time resting spent in this place.
 E = Time spent auto-exploring this place.
 F = Levels seen in this place.
 G = Mean time per level.
                   A        B        C        D        E       F      G
               +--------+--------+--------+--------+--------+-----+--------+
         Total |    193 |    193 |      0 |      0 |    126 |   1 |  193.0 |
       Dungeon |    193 |    193 |      0 |      0 |    126 |   1 |  193.0 |
               +--------+--------+--------+--------+--------+-----+--------+

Top non-repeatable levels by time:
     D:1: 193 daAuts
